 Dungeon Crawl Stone Soup version 0.28.0-62-gf88900778d (webtiles) character file.

Game seed: 13235277976689336474

134894 cbfl8 the Severer (level 16, -4/130 HPs)
             Began as a Minotaur Fighter on July 6, 2023.
             Was the Champion of Hepliaklqana.
             Slain by a storm dragon simulacrum (18 damage)
             ... in an ice cave on July 7, 2023.
             The game lasted 00:55:47 (43810 turns).

cbfl8 the Severer (Minotaur Fighter)               Turns: 43810, Time: 00:55:47

Health: -4/130     AC: 27    Str: 26    XL:     16   Next: 63%
Magic:  15/15      EV: 10    Int:  9    God:    Hepliaklqana [******]
Gold:   2921       SH: 26    Dex: 23    Spells: 15/15 levels left

rFire   + . .      SeeInvis .   F - +8 broad axe
rCold   + . .      Faith    .   T - +0 tower shield "Xoppedasof" {Slay+2}
rNeg    + . .      Spirit   .   S - +0 shadow dragon scales
rPois   +          Reflect  +   (helmet restricted)
rElec   .          Harm     .   D - +2 cloak
rCorr   .          Rampage  .   b - +2 pair of gloves
Will    ++...                   L - +2 pair of boots of Okawaru's Hope {Will+}
Stlth   ++++......              z - amulet of Moderation {Reflect Int+4 SH+5}
HPRegen 0.31/turn               I - ring "Feinlato" {rF+ rN+ Dex+7}
MPRegen 0.14/turn               M - ring "Gaceimp" {rPois rC+ Str+3}

@: about to teleport
A: reduced essence, horns 2, retaliatory headbutt
a: Renounce Religion, Recall Ancestor, Ancestor Identity, Transference, Idealise


You were in an ice cave.
You worshipped Hepliaklqana.
Hepliaklqana was exalted by your worship.
You visited 5 branches of the dungeon, and saw 28 of its levels.
You also visited: Gauntlet, Ice Cave and Volcano.

You collected 3290 gold pieces.
You spent 369 gold pieces at shops.

Inventory:

Hand Weapons
 s - a +0 broad axe of flaming
 F - a +8 broad axe (weapon)
Missiles
 u - 2 throwing nets
 R - 8 silver javelins
Armour
 b - a +2 pair of gloves (worn)
 D - a +2 cloak (worn)
 L - the +2 pair of boots of Okawaru's Hope (worn) {Will+}
   (You found it in a Gauntlet)

   Will:      It increases your willpower.
 S - +0 shadow dragon scales (worn)
 T - the +0 tower shield "Xoppedasof" (worn) {Slay+2}
   (You took it off a minotaur in a Gauntlet)

   Slay:      It affects your accuracy & damage with ranged weapons and melee
   (+2).
Jewellery
 z - the amulet of Moderation (around neck) {Reflect Int+4 SH+5}
   (You found it on level 3 of the Swamp)

   [amulet of reflection]

   It reflects blocked missile attacks.
   Int:       It affects your intelligence (+4).
   SH:        It affects your SH (+5).
 I - the ring "Feinlato" (left hand) {rF+ rN+ Dex+7}
   (You acquired it on level 6 of the Lair of Beasts)

   [ring of protection from fire]

   Dex:       It affects your dexterity (+7).
   rF:        It protects you from fire.
   rN:        It protects you from negative energy.
 K - a +6 ring of strength
 M - the ring "Gaceimp" (right hand) {rPois rC+ Str+3}
   (You found it in a Gauntlet)

   [ring of protection from cold]

   Str:       It affects your strength (+3).
   rC:        It protects you from cold.
   rPois:     It protects you from poison.
 N - the ring "Veyp" {Fly rCorr Dex+2}
   (You took it off a minotaur in a Gauntlet)

   [ring of flight]

   Dex:       It affects your dexterity (+2).
   Fly:       It grants you flight.
   rCorr:     It protects you from acid and corrosion.
Wands
 k - a wand of flame (42)
 w - a wand of paralysis (5)
 y - a wand of iceblast (9)
 A - a wand of charming (4)
 C - a wand of digging (11)
 P - a wand of acid (7) (quivered)
Scrolls
 e - 2 scrolls of silence
 g - 8 scrolls of noise
 m - 4 scrolls of teleportation
 n - 4 scrolls of fear
 q - 9 scrolls of fog
 H - 2 scrolls of holy word
Potions
 c - a potion of cancellation
 d - 3 potions of might
 i - 9 potions of curing
 l - 2 potions of ambrosia
 o - a potion of heal wounds
 p - a potion of berserk rage
 x - 4 potions of flight
 B - 3 potions of mutation
 E - a potion of invisibility
 G - 2 potions of haste
 J - a potion of resistance
Miscellaneous
 a - a tin of tremorstones (2/2)
 f - a phial of floods
 j - a piece from Xom's chessboard (15/15)
 t - a box of beasts
 v - a phantom mirror


   Skills:
 + Level 13.9 Fighting
 + Level 18.6 Axes
 + Level 7.4 Throwing
 + Level 14.8 Armour
 - Level 4.2 Dodging
 + Level 4.4 Stealth
 + Level 15.7 Shields
 + Level 0.8 Unarmed Combat
 + Level 0.3 Invocations
 + Level 12.3 Evocations


You had 15 spell levels left.
You didn't know any spells.
Your spell library contained the following spells:

 Spells                   Type           Power      Damage    Failure   Level
 Animate Skeleton         Necr           0%         N/A       99%         1
 Pain                     Necr           0%         1d4       99%         1
 Sandblast                Erth           0%         2d4       99%         1
 Shock                    Conj/Air       0%         1d3       99%         1
 Passwall                 Tmut/Erth      0%         N/A       100%        2
 Sublimation of Blood     Necr           0%         N/A       100%        2
 Wereblood                Tmut           0%         N/A       100%        2
 Confusing Touch          Hex            0%         N/A       100%        3
 Gell's Gravitas          Tloc           0%         N/A       100%        3
 Stone Arrow              Conj/Erth      0%         3d7       100%        3
 Summon Guardian Golem    Hex/Summ       0%         N/A       100%        3
 Swiftness                Air            0%         N/A       100%        3
 Teleport Other           Tloc           0%         N/A       100%        3
 Vampiric Draining        Necr           0%         2d6       100%        3
 Airstrike                Air            0%         N/A       100%        4
 Animate Armour           Summ/Erth      0%         N/A       100%        4
 Leda's Liquefaction      Hex/Erth       0%         N/A       100%        4
 Summon Ice Beast         Ice/Summ       0%         N/A       100%        4
 Blade Hands              Tmut           0%         N/A       100%        5
 Irradiate                Conj/Tmut      0%         3d13      100%        5
 Summon Mana Viper        Hex/Summ       0%         N/A       100%        5
 Yara's Violent Unravell  Hex/Tmut       0%         3d3       100%        5
 Dispersal                Tloc           0%         N/A       100%        6
 Statue Form              Tmut/Erth      0%         N/A       100%        6
 Summon Cactus Giant      Summ           0%         N/A       100%        6
 Dragon Form              Tmut           0%         N/A       100%        7
 Enfeeble                 Hex            0%         N/A       100%        7
 Monstrous Menagerie      Summ           0%         N/A       100%        7
 Spellforged Servitor     Conj/Summ      0%         N/A       100%        7
 Summon Hydra             Summ           0%         N/A       100%        7
 Disjunction              Tloc           0%         N/A       100%        8
 Lehudib's Crystal Spear  Conj/Erth      0%         10d2      100%        8


Dungeon Overview and Level Annotations

Branches:
Dungeon (15/15)            Temple (0/1) D:4            Lair (6/6) D:9
  Swamp (4/4) Lair:2        Snake (1/4) Lair:2        Slime (0/5) Lair:5
    Orc (2/2) D:10            Elf (0/3) Orc:2        Vaults (0/5) D:14
 Depths (0/4) D:15          IceCv (1/1)             Volcano (visited)
Gauntlet (visited)

Altars:
Ashenzari
Cheibriados
Hepliaklqana
Kikubaaqudgha
Sif Muna
Wu Jian
Yredelemnul
Zin
Beogh
Jiyva

Shops:
D:9 *   D:13 (   Orc:1 (   Orc:2 *(!:

Annotations:
D:9 2 transporters
D:11 1 runed translucent door, tkbsonic5's ghost, journeyman VSFi


Innate Abilities, Weirdness & Mutations

Your life essence is reduced to manifest your ancestor. (-10% HP)
You have a pair of horns on your head.
You reflexively headbutt those who attack you in melee.


Message History

Okay, then.
Blink to where?
Press: ? - help, Dir - move target
As you read the scroll of blinking, it crumbles to dust.
You are confused.
You feel invigorated.
You are too confused!
The storm dragon simulacrum bites you.
The storm dragon simulacrum freezes you!
You resist. The storm dragon simulacrum claws you.
The storm dragon simulacrum freezes you!
You resist.
* * * LOW HITPOINT WARNING * * *
The storm dragon simulacrum tramples you but does no damage.
The storm dragon simulacrum misses you.
The storm dragon simulacrum claws you but does no damage.
The storm dragon simulacrum tramples you.
* * * LOW HITPOINT WARNING * * *
You hold your ground!
You feel less invigorated.
You feel less confused.
The storm dragon simulacrum barely misses you.
You block the storm dragon simulacrum's attack. x2
The storm dragon simulacrum bites you!
* * * LOW HITPOINT WARNING * * *
The storm dragon simulacrum freezes you!
You resist.
* * * LOW HITPOINT WARNING * * *
You block the storm dragon simulacrum's attack.
The storm dragon simulacrum tramples you but does no damage.
As you read the scroll of teleportation, it crumbles to dust.
You feel strangely unstable.
You block the storm dragon simulacrum's attack.
The storm dragon simulacrum claws you but does no damage.
The storm dragon simulacrum completely misses you.
The storm dragon simulacrum bites you.
* * * LOW HITPOINT WARNING * * *
The storm dragon simulacrum freezes you!!
You resist.
You die...

##Z.# #Z ##.## #Z. #..##
..# ###..## ..# #..Z..# ..
##.....## .# ##...Z...#
##.# ## #....ZZ..## #..#
.###### ##...@....###.##
..##..## ###.........##..#
.......###..............##
∩.......#..............##
....##....##..........##
..#####..####.........#
.## #### #.........## ##
##........# ##......##


You could see an ice dragon simulacrum, 2 storm dragon simulacra and a golden
dragon simulacrum.

Vanquished Creatures
  Roxanne (D:14)
  An orc warlord (Orc:1)
  Louise (Swamp:3)
  A bunyip (Swamp:3)
  A minotaur (Gauntlet)
  Harold (Lair:2)
  3 ice dragons (IceCv)
  3 boulder beetles
  A rakshasa (D:15)
  10 hydras
  A catoblepas (Lair:4)
  A centaur warrior (D:14)
  A two-headed ogre (shapeshifter) (D:15)
  A death knight (D:14)
  5 alligators
  A tengu warrior (D:13)
  A two-headed ogre (Orc:1)
  13 death yaks
  A shock serpent (Snake:1)
  5 orc high priests
  2 goliath frogs (Swamp:1)
  A spriggan druid (Swamp:1)
  2 bog bodies
  An orange crystal statue (IceCv)
  4 swamp dragons
  4 orc knights (Orc:2)
  Pikel (D:8)
  2 deep elf pyromancers
  A necromancer (D:14)
  3 will-o-the-wisps
  7 ugly things
  An orc sorcerer (Orc:1)
  2 elephants (Lair:6)
  A moth of wrath (Gauntlet)
  2 cyclopes
  A manticore (D:12)
  Joseph (D:8)
  2 ice statues (Snake:1)
  2 black mambas
  2 torpor snails
  A molten gargoyle (Volcano)
  3 rime drakes
  A gargoyle (D:12)
  5 cane toads
  Psyche (D:8)
  4 komodo dragons
  A yaktaur (Volcano)
  A tengu conjurer (D:11)
  3 trolls
  A polar bear (Lair:6)
  5 hornets
  3 tyrant leeches
  2 blink frogs (Lair:2)
  16 slime creatures
  A centaur simulacrum (D:14)
  5 wraiths
  6 spriggans
  2 fire bats (Volcano)
  56 yaks
  2 wyverns
  4 basilisks
  4 hogs (D:13)
  3 redbacks (Gauntlet)
  2 vampire mosquitoes (D:10)
  2 steam dragons
  2 acid dragons
  4 wargs (Orc:1)
  9 swamp worms
  A naga (Lair:2)
  14 water moccasins
  30 orc warriors
  3 black bears
  3 ice dragon simulacra (IceCv)
  2 necrophages (D:5)
  An ice beast (D:5)
  A sky beast (D:7)
  21 wolves
  A boggart (D:14)
  6 centaurs
  A phantom (D:5)
  12 bullfrogs
  2 kobold brigands
  2 scorpions
  A water moccasin zombie (D:6)
  2 lindwurm simulacra (IceCv)
  5 wights (D:9)
  2 howler monkeys
  3 lava snakes (Volcano)
  3 centaur zombies
  5 hounds
  2 jellies
  A gnoll shaman (D:7)
  19 orc priests
  A bullfrog skeleton (D:4)
  5 iguanas
  19 orc wizards
  A killer bee zombie (D:7)
  Robin (D:4)
  2 howler monkey zombies
  5 adders
  8 gnolls
  A howler monkey skeleton (D:5)
  A white imp (D:7)
  An ufetubus (D:5)
  2 adder skeletons (D:4)
  A worm (D:3)
  2 dart slugs (D:1)
  73 orcs
  2 ball pythons
  4 endoplasms
  3 giant cockroaches
  15 goblins
  10 hobgoblins
  11 jackals
  7 kobolds
  5 quokkas
  4 bats
  A frilled lizard (D:3)
  3 rats
  A butterfly (Lair:6)
576 creatures vanquished.

Vanquished Creatures (collateral kills)
  A tentacled monstrosity (Swamp:1)
  Kirke (D:13)
  A fenstrider witch (Swamp:1)
  An orc warlord (Orc:2)
  Nessos (Orc:2)
  A red draconian (Volcano)
  2 bunyips (Swamp:1)
  2 great orbs of eyes
  Josephine (D:11)
  A shambling mangrove (Swamp:1)
  6 hydras
  2 centaur warriors
  2 boulder beetles
  2 catoblepae
  A tengu warrior (D:11)
  A deep troll shaman (Lair:6)
  2 alligators
  3 death yaks
  2 orc high priests
  A shadow wraith (D:13)
  A skeletal warrior (D:14)
  3 goliath frogs
  2 swamp dragons (Swamp:3)
  3 orc knights (Orc:2)
  5 ugly things (D:15)
  A deep elf pyromancer (D:10)
  An orc sorcerer (Orc:1)
  A cyclops (D:11)
  2 manticores
  A molten gargoyle (Volcano)
  A black mamba (Lair:6)
  2 elephants (Lair:6)
  2 cane toads
  3 storm dragon simulacra (IceCv)
  3 komodo dragons
  A torpor snail (Lair:3)
  A yaktaur (shapeshifter) (D:14)
  A golden dragon simulacrum (IceCv)
  A tengu conjurer (D:13)
  An efreet (D:11)
  2 freezing wraiths
  2 trolls
  A wind drake (shapeshifter) (D:14)
  2 polar bears
  A merfolk (D:14)
  3 tyrant leeches
  7 hornets
  2 slime creatures (D:12)
  A blink frog (Lair:2)
  4 wraiths
  A wyvern (Lair:1)
  2 shadows
  24 yaks
  4 spriggans
  A hog (D:12)
  A basilisk (D:15)
  2 vampire mosquitoes (D:10)
  A redback (Gauntlet)
  Menkaure (D:4)
  A warg (Orc:2)
  2 swamp worms
  2 black bears
  An ice dragon simulacrum (IceCv)
  15 orc warriors
  3 water moccasins
  An ogre (Orc:2)
  2 centaurs (D:11)
  3 boggarts (D:14)
  3 wolves
  7 bullfrogs
  2 gnoll sergeants
  An electric eel (Orc:1)
  3 howler monkeys
  3 lava snakes (Volcano)
  A centaur zombie (D:9)
  13 orc priests
  A hound (Lair:2)
  4 orc wizards
  A hound skeleton (D:4)
  5 gnolls
  16 orcs
  A kobold (D:10)
223 creatures vanquished.

Vanquished Creatures (others)
  A spriggan (Swamp:1)
  3 ancestors (D:9)
  22 battlemagi
  20 demonic plants (Gauntlet)
  7 foxfires
  22 fungi
  57 plants
132 creatures vanquished.

Grand Total: 931 creatures vanquished

Notes
Turn   | Place    | Note
-------+----------+-------------------------------------------
     0 | D:1      | cbfl8 the Minotaur Fighter began the quest for the Orb.
     0 | D:1      | Reached XP level 1. HP: 19/19 MP: 0/0
   115 | D:1      | Reached XP level 2. HP: 27/27 MP: 1/1
   347 | D:1      | Found a faded altar of an unknown god.
   894 | D:2      | Reached skill level 3 in Axes
   894 | D:2      | Reached skill level 1 in Evocations
   894 | D:2      | Reached XP level 3. HP: 4/33 MP: 2/2
  1616 | D:2      | Reached XP level 4. HP: 40/40 MP: 3/3
  1647 | D:2      | Found a shimmering blue altar of Sif Muna.
  2498 | D:3      | Noticed an ogre
  2670 | D:3      | Reached XP level 5. HP: 39/46 MP: 4/4
  2814 | D:3      | Reached skill level 4 in Axes
  3236 | D:4      | Noticed Robin
  3241 | D:4      | Killed Robin
  3276 | D:4      | Reached XP level 6. HP: 47/52 MP: 5/5
  3293 | D:4      | Reached skill level 5 in Armour
  3444 | D:4      | Found a staircase to the Ecumenical Temple.
  3534 | D:4      | Reached skill level 5 in Axes
  3553 | D:4      | Noticed Menkaure
  3561 | D:4      | Killed Menkaure
  3562 | D:4      | Reached skill level 1 in Dodging
  3768 | D:4      | Reached XP level 7. HP: 51/60 MP: 6/6
  4132 | D:4      | Reached skill level 6 in Axes
  4360 | D:4      | Identified the +2 chain mail of Miracles {rF+}
  4386 | D:5      | Entered Level 5 of the Dungeon
  4623 | D:5      | Reached skill level 5 in Shields
  4790 | D:5      | Reached XP level 8. HP: 67/67 MP: 7/7
  4809 | D:5      | Reached skill level 7 in Axes
  4831 | D:5      | Reached skill level 5 in Fighting
  5113 | D:5      | Reached skill level 1 in Stealth
  5689 | D:6      | Found a broken altar of Ashenzari.
  6139 | D:6      | Reached skill level 8 in Axes
  6352 | D:6      | Found a hazy altar of Hepliaklqana.
  6484 | D:6      | Became a worshipper of Hepliaklqana the Forgotten
  6574 | D:7      | Found an ornate altar of the Wu Jian Council.
  6623 | D:7      | Found a glowing silver altar of Zin.
  6660 | D:7      | HP: 2/70 [acid dragon (9)]
  6662 | D:7      | Reached XP level 9. HP: 2/75 MP: 8/8
  7430 | D:7      | Found a snail-covered altar of Cheibriados.
  7439 | D:7      | Found a shimmering blue altar of Sif Muna.
  7791 | D:7      | Reached skill level 5 in Evocations
  7996 | D:7      | Reached skill level 9 in Axes
  8131 | D:8      | Noticed Pikel
  8149 | D:8      | Noticed Joseph
  8161 | D:8      | Killed Joseph
  8167 | D:8      | Killed Pikel
  8323 | D:7      | Reached skill level 10 in Axes
  8453 | D:8      | Reached XP level 10. HP: 84/86 MP: 9/9
  8521 | D:8      | Reached * piety under Hepliaklqana
  8982 | D:8      | Noticed Psyche
  8991 | D:8      | Killed Psyche
  9374 | D:9      | Found Xaxiplif's General Store.
  9387 | D:9      | Bought a throwing net for 39 gold pieces
  9749 | D:9      | Reached skill level 1 in Throwing
 10552 | D:9      | Found an ancient bone altar of Kikubaaqudgha.
 10561 | D:9      | Found a basalt altar of Yredelemnul.
 10741 | D:9      | Found a transporter.
 10741 | D:9      | Noticed a death knight
 10755 | D:9      | Found a transporter.
 10759 | D:9      | Noticed a death knight
 11304 | D:9      | Reached skill level 11 in Axes
 11676 | D:9      | Found a staircase to the Lair.
 11814 | D:10     | Entered Level 10 of the Dungeon
 11823 | D:10     | Reached ** piety under Hepliaklqana
 11824 | D:10     | Remembered your ancestor Valentine as a battlemage
 12221 | D:10     | Reached XP level 11. HP: 84/84 MP: 10/10
 12551 | D:10     | Noticed a deep elf pyromancer
 12552 | D:10     | Found a staircase to the Orcish Mines.
 12554 | D:10     | Noticed a two-headed ogre
 12555 | D:10     | Killed a deep elf pyromancer
 13145 | D:11     | Noticed a five-headed hydra
 13410 | D:11     | Noticed a tengu warrior
 13417 | D:11     | Killed a tengu warrior
 13663 | D:11     | Noticed Josephine
 13673 | D:11     | Killed Josephine
 13684 | D:11     | Reached skill level 5 in Throwing
 13700 | D:11     | Reached skill level 12 in Axes
 14220 | D:11     | Noticed tkbsonic5's ghost (journeyman VSFi)
 14227 | D:11     | Found a runed translucent door.
 14257 | D:11     | Killed a seven-headed hydra
 14258 | D:11     | Reached skill level 10 in Armour
 15052 | D:12     | Identified the +3 ring mail "Redutraute" {rElec Will-
                  | Int+6}
 15195 | D:12     | Reached *** piety under Hepliaklqana
 15487 | D:12     | Noticed a deep elf pyromancer
 15490 | D:12     | Noticed a purple ugly thing
 15500 | D:12     | Killed a purple ugly thing
 15501 | D:12     | Reached XP level 12. HP: 68/92 MP: 11/11
 15913 | D:12     | Noticed a boulder beetle
 15933 | D:12     | Killed a boulder beetle
 16496 | D:13     | Noticed Kirke
 16580 | D:13     | Noticed a tengu warrior
 16591 | D:13     | Killed a tengu warrior
 16592 | D:13     | Reached skill level 13 in Axes
 16733 | D:13     | Found an ancient bone altar of Kikubaaqudgha.
 16749 | D:13     | Noticed a boulder beetle
 16771 | D:13     | Killed a boulder beetle
 16988 | D:13     | Killed Kirke
 17543 | D:13     | Found Aczaib's Antique Weapon Emporium.
 17560 | D:13     | Reached **** piety under Hepliaklqana
 17701 | D:14     | Noticed a centaur warrior
 17707 | D:14     | Noticed a catoblepas
 18550 | D:13     | Killed a catoblepas
 18654 | D:14     | Killed a centaur warrior
 18735 | D:14     | Noticed a centaur warrior
 18741 | D:14     | Killed a centaur warrior
 19265 | D:14     | Identified the +9 dagger of Enlon {chaos, Stlth+}
 19410 | D:14     | Identified Roxanne's Incunabulum of Earth
 19410 | D:14     | Noticed Roxanne
 19438 | D:14     | Noticed a boulder beetle
 19465 | D:14     | Killed a boulder beetle
 19717 | D:14     | Noticed a death knight
 19728 | D:14     | Reached XP level 13. HP: 62/99 MP: 12/12
 20187 | D:14     | Reached skill level 10 in Shields
 20472 | D:13     | HP: 3/94 [something (18)]
 20482 | D:13     | HP: 4/94 [something (8)]
 21214 | D:14     | Found a gate to the Vaults.
 21271 | D:14     | Killed Roxanne
 21272 | D:14     | Reached skill level 14 in Axes
 21648 | D:15     | Entered Level 15 of the Dungeon
 22206 | D:15     | Reached skill level 10 in Fighting
 23829 | D:15     | Paralysed by a great orb of eyes for 4 turns
 23862 | D:15     | Found a staircase to the Depths.
 23875 | D:15     | Reached skill level 15 in Axes
 24379 | Lair:1   | Entered Level 1 of the Lair of Beasts
 24535 | Lair:1   | Reached ***** piety under Hepliaklqana
 25038 | Lair:1   | Reached XP level 14. HP: 59/109 MP: 13/13
 25539 | Lair:2   | Noticed Harold
 25546 | Lair:2   | Killed Harold
 25590 | Lair:2   | Found a staircase to the Snake Pit.
 25602 | Lair:2   | Reached skill level 10 in Evocations
 25845 | Lair:2   | Found a staircase to the Swamp.
 28059 | Lair:3   | Reached skill level 16 in Axes
 28456 | Lair:4   | Got the Papyrus of Summoning
 28892 | Lair:4   | Reached ****** piety under Hepliaklqana
 29162 | Lair:5   | Found a gate leading to a gauntlet.
 29189 | Gauntlet | Entered a Gauntlet
 29189 | Gauntlet | Found a transporter.
 29189 | Gauntlet | Found a transporter.
 29193 | Gauntlet | Found a transporter.
 29193 | Gauntlet | Found a transporter.
 29195 | Gauntlet | Found a large runed translucent door.
 29196 | Gauntlet | Found a large runed translucent door.
 29197 | Gauntlet | Found a large runed translucent door.
 29197 | Gauntlet | Found a large runed translucent door.
 29198 | Gauntlet | Found a runed translucent door.
 29198 | Gauntlet | Found a large runed translucent door.
 29199 | Gauntlet | Found a large runed translucent door.
 29200 | Gauntlet | Found a large runed translucent door.
 29200 | Gauntlet | Found a large runed translucent door.
 29201 | Gauntlet | Found a runed translucent gate.
 29209 | Gauntlet | Found a transporter.
 29213 | Gauntlet | Found a transporter.
 29213 | Gauntlet | Found a transporter.
 29229 | Gauntlet | Found a transporter.
 29231 | Gauntlet | Found a runed translucent gate.
 29231 | Gauntlet | Found a runed translucent gate.
 29233 | Gauntlet | Found a large runed translucent door.
 29234 | Gauntlet | Found a large runed translucent door.
 29236 | Gauntlet | Found a transporter.
 29248 | Gauntlet | Found a transporter.
 29255 | Gauntlet | Found a runed translucent door.
 29264 | Gauntlet | Found a large runed translucent door.
 29264 | Gauntlet | Found a large runed translucent door.
 29264 | Gauntlet | Found a large runed translucent door.
 29264 | Gauntlet | Found a large runed translucent door.
 29265 | Gauntlet | Found a large runed translucent door.
 29266 | Gauntlet | Found a large runed translucent door.
 29268 | Gauntlet | Found a transporter.
 29313 | Gauntlet | Found a transporter.
 29337 | Gauntlet | Found a transporter.
 29420 | Gauntlet | Found a transporter.
 29431 | Gauntlet | Found a transporter.
 29445 | Gauntlet | Found a transporter.
 29731 | Gauntlet | Paralysed by a great orb of eyes for 5 turns
 29742 | Gauntlet | Identified the +2 pair of boots of Okawaru's Hope {Will+}
 29920 | Gauntlet | Identified the ring "Gaceimp" {rPois rC+ Str+3}
 30081 | Gauntlet | Identified the +0 tower shield "Xoppedasof" {Slay+2}
 30081 | Gauntlet | Identified the ring "Veyp" {Fly rCorr Dex+2}
 30854 | Lair:5   | Found a runed translucent door.
 30855 | Lair:5   | Found a viscous altar of Jiyva.
 30857 | Lair:5   | Found a staircase to the Slime Pits.
 31933 | Lair:6   | Entered Level 6 of the Lair of Beasts
 31996 | Lair:6   | Found a dark tunnel.
 32006 | Volcano  | Entered a volcano
 32636 | Volcano  | Found a bloodstained altar of Trog.
 32643 | Volcano  | Reached skill level 17 in Axes
 32710 | Volcano  | Reached XP level 15. HP: 96/118 MP: 14/14
 35128 | Lair:6   | Got Raminojo's Papyrus of Clay
 35271 | Lair:6   | Identified a scroll of acquirement
 35272 | Lair:6   | Acquired the ring "Feinlato" {rF+ rN+ Dex+7}
 35524 | Orc:1    | Entered Level 1 of the Orcish Mines
 35569 | Orc:1    | Found Ferr's Antique Weapon Shop.
 35891 | Orc:1    | Noticed an orc warlord
 36393 | Orc:1    | Killed an orc warlord
 36666 | Orc:2    | Entered Level 2 of the Orcish Mines
 36682 | Orc:2    | Noticed Nessos
 36688 | Orc:2    | Killed Nessos
 37101 | Orc:2    | Noticed an orc warlord
 37141 | Orc:2    | Found a staircase to the Elven Halls.
 37316 | Orc:2    | Reached skill level 18 in Axes
 37337 | Orc:2    | Killed an orc warlord
 38372 | Orc:2    | Found Qyotis's Weapon Boutique.
 38372 | Orc:2    | Found Evela's Assorted Antiques.
 38373 | Orc:2    | Found Gusheruwn's Book Boutique.
 38373 | Orc:2    | Found Wuozet's Distillery.
 38383 | Orc:2    | Bought 2 potions of heal wounds for 150 gold pieces
 38383 | Orc:2    | Bought a potion of ambrosia for 120 gold pieces
 38500 | Orc:2    | Bought a scroll of identify for 60 gold pieces
 38710 | Swamp:1  | Entered Level 1 of the Swamp
 38758 | Swamp:1  | Noticed a fenstrider witch
 38768 | Swamp:1  | Killed a fenstrider witch
 38795 | Swamp:1  | Reached XP level 16. HP: 52/129 MP: 15/15
 39181 | Swamp:1  | Noticed a tentacled monstrosity
 39189 | Swamp:1  | Killed a tentacled monstrosity
 39544 | Swamp:1  | Paralysed by a hornet for 2 turns
 41102 | Swamp:2  | Reached skill level 15 in Shields
 41722 | Swamp:3  | Noticed Louise
 41726 | Swamp:3  | Killed Louise
 41868 | Swamp:3  | Identified the amulet of Moderation {Reflect Int+4 SH+5}
 42805 | Swamp:4  | Entered Level 4 of the Swamp
 42923 | Snake:1  | Entered Level 1 of the Snake Pit
 43002 | Snake:1  | Found a frozen archway.
 43018 | IceCv    | Entered an ice cave
 43810 | IceCv    | Slain by a storm dragon simulacrum

Illustrated notes

Levels and vault maps discovered:
D:1:      heliophobic_arrival_glass_houses, layout_loops_ring,
          shapermc_ecumenical_altar_mp_ritualfount
D:2:      layout_loops_ring, basic_altar, minmay_tetromino_l2
D:3:      layout_rooms, serial_curves, eino_curves_03, eino_curves_01,
          lightli_corner_chamber
D:4:      nicolae_cairo_tiling_very_big, layout_basic,
          minmay_temple_entry_glassed_door, minmay_misc_feat_enclosed,
          uniq_robin, uniq_menkaure
D:5:      layout_basic
D:6:      layout_rooms, hangedman_feature_mirror, solitary_fountain
D:7:      layout_basic, jmf_multi_god_temple,
          mainiacjoe_overflow_large_starburst, minmay_misc_feat_four_crosses,
          minmay_curled_crystal
D:8:      layout_basic, chequers_serial_rivers_marsh, roderic_serpentine_path,
          uniq_joseph, uniq_pikel, uniq_psyche
D:9:      layout_roguey, gammafunk_temple_of_torment, erik_lair_dragon,
          serial_shops, shop_statue
D:10:     layout_basic, orc_0_dummy, kennysheep_generic_room_12
D:11:     layout_roguey, hellmonk_ghost_happy_afterlife, uniq_josephine
D:12:     layout_irregular_city, serial_glass, glass_columns_c, glass_columns_c,
          glass_columns_a, glass_columns_c, glass_columns_c, glass_columns_a,
          minmay_misc_feat_alley, nicolae_benzene_ring, kennysheep_path_1,
          hive_lemuel
D:13:     layout_roguey, serial_shops, shop, kiku_gazebo_pond_becter, uniq_kirke
D:14:     layout_rooms, david_vaults_4, minmay_holes, hangedman_fish_farm,
          uniq_roxanne
D:15:     gammafunk_enter_depths_forms, layout_loops_ring
Lair:1:   layout_gridlike
Lair:2:   beast_lair_carwin_large_3, layout_loops_ring, swamp_mist,
          guppyfry_snake_entry_island, chequers_serial_rivers_micro_e,
          grunt_megastairs_3, uniq_harold
Lair:3:   layout_hall_layers, cheibrodos_lair_caveside_slide, grunt_megastairs_2
Lair:4:   layout_cave_pods, nicolae_lair_grazing_beasts
          [nicolae_sub_lair_graze_edge, nicolae_sub_lair_graze_edge,
          nicolae_sub_lair_graze_edge, nicolae_sub_lair_graze_edge]
Lair:5:   cheibrodos_lair_overgrown_chateau, layout_layer_cave, slime_altar_2,
          gauntlet_entry_generic, minivault_25
Lair:6:   grunt_lair_end_beastmaster, layout_gridlike,
          lightli_volcano_entry_magma_tube, lemuel_fruit_fields
Swamp:1:  layout_basic_swamp, evilmike_swamp_ruin_house_4
Swamp:2:  layout_falls_marsh, evilmike_swamp_ruin_house_2
Swamp:3:  layout_basic_swamp, serial_swamp_ruin, hangedman_swamp_ruin_wall,
          evilmike_swamp_ruin_rubble_2, uniq_louise
Swamp:4:  swamp_basic_johnstein, layout_basic_swamp, swamp_pool3, uniq_nikola
Snake:1:  layout_onion, portal_ice_cave_entry_ice_statue_two, grunt_megastairs_5
Orc:1:    layout_caves, nicolae_orc_flooded_monolith, guppyfry_orc_lava_fort
Orc:2:    st_orc_pillars, layout_caves, basic_altar, uniq_nessos
IceCv:    ice_cave_small_dragons

Skill      XL: |  1  2  3  4  5  6  7  8  9 10 11 12 13 14 15 16 |
---------------+-------------------------------------------------+-----
Armour         | 4 5 6 7 9 10 11 12 13 14 | 14.8
Axes           | 3 4 5 6 8 10 11 12 13 15 17 18 | 18.6
Shields        | 4 5 6 7 8 9 11 12 14 15 | 15.7
Evocations     | 1 2 3 4 6 7 8 9 10 11 12 | 12.3
Fighting       | 4 5 7 8 9 10 12 13 | 13.9
Dodging        | 1 2 3 4 |  4.2
Stealth        | 1 2 3 4 |  4.4
Throwing       | 3 5 7 |  7.4
Unarmed Combat | |  0.8
Invocations    | |  0.3

Action                   |  1- 3 |  4- 6 |  7- 9 | 10-12 | 13-15 | 16-18 || total
-------------------------+-------+-------+-------+-------+-------+-------++-------
Melee: War axe           |    65 |   112 |   256 |   425 |    21 |       ||   879
       Headbutt          |    10 |    18 |    62 |   103 |   214 |    59 ||   466
       Unarmed           |       |       |       |     7 |       |       ||     7
       Broad axe         |       |       |       |       |   851 |   205 ||  1056
Throw: Throwing net      |       |       |       |       |     3 |       ||     3
Invok: Ancestor Identity |       |       |       |     2 |       |       ||     2
       Ancestor Life: Ba |       |       |       |     1 |       |       ||     1
       Recall Ancestor   |       |       |       |       |     1 |       ||     1
       Idealise          |       |       |       |       |       |     1 ||     1
Evoke: Wand              |       |       |     7 |    14 |    10 |       ||    31
       Phantom mirror    |       |       |       |       |     1 |       ||     1
  Use: Scroll            |     3 |     2 |     3 |     8 |    28 |     6 ||    50
       Potion            |       |     2 |     2 |     1 |     6 |    10 ||    21
 Stab: Paralysed         |       |       |     6 |       |       |       ||     6
       Distracted        |       |       |       |     9 |    21 |     4 ||    34
       Sleeping          |       |       |       |       |     6 |     4 ||    10
       Held in net/web   |       |       |       |       |     4 |       ||     4
Armor: Scale mail        |    28 |    43 |     7 |       |       |       ||    78
       Chain mail        |       |       |   116 |   192 |   153 |       ||   461
       Shadow dragon sca |       |       |       |       |   203 |   123 ||   326
Dodge: Dodged            |    23 |    43 |    85 |   122 |   216 |    79 ||   568
Block: Buckler           |    20 |    39 |   131 |   239 |   118 |       ||   547
       Reflection        |       |     1 |     1 |    16 |    23 |     8 ||    49
       Tower shield      |       |       |       |       |   741 |   286 ||  1027
